 Dungeon Crawl Stone Soup version 0.30-a0-879-ga8ba668304 (webtiles) character file.

Game seed: 10775605185827126316

74 Sweetruy1997 the Shield-Bearer (level 4, -3/44 HPs)
             Began as a Troll Fighter on Mar 6, 2023.
             Slain by a gnoll
             ... wielding a +0 whip
              (7 damage)
             ... on level 3 of the Dungeon on Mar 13, 2023.
             The game lasted 00:04:20 (1071 turns).

Sweetruy1997 the Shield-Bearer (Troll Fighter)      Turns: 1071, Time: 00:04:21

Health: -3/44      AC:  4    Str: 22 (24) XL:     4   Next: 10%
Magic:  3/3        EV:  9    Int:  3 (4)  God:
Gold:   62         SH:  8    Dex: 10 (11) Spells: 3/3 levels left

rFire   . . .      SeeInvis .    d - +1 dagger (elec)
rCold   . . .      Faith    .    b - +0 kite shield
rNeg    . . .      Spirit   .    a - +0 robe
rPois   .          Reflect  .    (helmet restricted)
rElec   .          Rampage  .    (no cloak)
rCorr   .                        (gloves unavailable)
Will    .....                    (boots unavailable)
Stlth   +                        (no amulet)
HPRegen 1.07/turn                (no ring)
MPRegen 0.08/turn                (no ring)

@: mighty
A: large, unfitting armour, claws 3, regeneration 1, shaggy fur 1, tough skin 1
a: no special abilities


You were on level 3 of the Dungeon.
You visited 1 branch of the dungeon, and saw 4 of its levels.

You collected 62 gold pieces.

Inventory:

Hand Weapons
 d - a +1 dagger of electrocution (weapon)
Armour
 a - a +0 robe (worn)
 b - a +0 kite shield (worn)
Wands
 j - a wand of mindburst (12)
Scrolls
 h - a scroll of magic mapping
 i - a scroll of blinking {unknown}
 l - a scroll of acquirement {unknown}
 m - a scroll of vulnerability {unknown}
Potions
 f - 2 potions of magic
 g - 2 potions of curing {unknown}
 k - a potion of heal wounds {unknown}
 n - 5 potions of flight


   Skills:
 + Level 2.6 Fighting
 + Level 0.5 Short Blades
 + Level 0.3 Throwing
 + Level 3.0 Dodging
 + Level 0.2 Stealth
 + Level 3.5 Shields
 - Level 2.0 Unarmed Combat


You had 3 spell levels left.
You didn't know any spells.
Your spell library contained the following spells:

 Spells                   Type           Power      Damage    Failure   Level
 Ignite Poison            Fire/Tmut/Pois 0%         N/A       99%         3
 Kindle Blastsparks       Fire/Tloc/Air  0%         2d10      99%         3
 Freezing Cloud           Conj/Ice/Air   0%         6-21      100%        5


Dungeon Overview and Level Annotations

Branches:
Dungeon (4/15)
 Temple: D:4-7

Altars:
Gozag


Innate Abilities, Weirdness & Mutations

You are too large for most types of armour.
You have claws for hands.
Your natural rate of healing is unusually fast.
You are covered in fur. (AC +1)
You have tough skin. (AC +1)


Message History

You block the gnoll's attack. The gnoll completely misses you.
The gnoll hits you with a +0 whip.
You hit the gnoll but do no damage.
The gnoll is lightly wounded.
The gnoll barely misses you. x3
You hit the gnoll.
The gnoll is moderately wounded.
The gnoll barely misses you.
The gnoll hits you but does no damage. x2
You hit the gnoll. Lightning courses through the gnoll!
You kill the gnoll!
The gnoll hits you with a +0 whip. The gnoll hits you but does no damage.
You have reached level 4!
You barely miss the ball python. The ball python completely misses you.
The gnoll completely misses you. The gnoll barely misses you.
The ball python barely misses you.
You barely miss the ball python. The gnoll misses you.
You block the gnoll's attack. The ball python closely misses you.
You hit the ball python.
The ball python is severely wounded.
The gnoll hits you with a +0 whip. The gnoll hits you with a +0 whip!
* * * LOW HITPOINT WARNING * * *
The ball python bites you.
* * * LOW HITPOINT WARNING * * *
You barely miss the ball python.
The ball python is severely wounded.
The ball python bites you but does no damage.
The gnoll barely misses you. You block the gnoll's attack.
You block the ball python's attack. The gnoll barely misses you.
The gnoll hits you with a +0 whip.
* * * LOW HITPOINT WARNING * * *
You feel very mighty all of a sudden. The ball python completely misses you.
The gnoll hits you with a +0 whip.
* * * LOW HITPOINT WARNING * * *
The gnoll hits you but does no damage.
It was a potion of degeneration.
There was something very wrong with that liquid.
You feel weakened.
You feel dopey.
You feel clumsy. You block the ball python's attack.
The gnoll barely misses you. The gnoll hits you with a +0 whip!
You die...

..# #... ..
...##..# .
.##..#..##.
.....#....#
.......#.#
..?.##.#
####.##gg.(#
......S@...####
#.....###.>...#
..... #####.#
.... # ... #. .


You could see 2 gnolls and a ball python.

Vanquished Creatures
  2 gnolls (D:3)
  2 dart slugs (D:2)
  5 bats
  7 endoplasms
  3 giant cockroaches (D:2)
  4 goblins (D:1)
  4 hobgoblins
  4 jackals (D:2)
  2 quokkas (D:2)
  6 ball pythons
  3 frilled lizards (D:1)
  A kobold (D:2)
  4 rats
47 creatures vanquished.

Notes
Turn   | Place    | Note
-------+----------+-------------------------------------------
     0 | D:1      | Sweetruy1997 the Troll Fighter began the quest for the Orb.
     0 | D:1      | Reached XP level 1. HP: 22/22 MP: 0/0
    80 | D:1      | Reached XP level 2. HP: 22/29 MP: 1/1
   558 | D:2      | Reached XP level 3. HP: 36/36 MP: 2/2
   587 | D:2      | Found an opulent altar of Gozag.
   621 | D:2      | Upgraded the game from 0.30-a0-859-gf88a04b62d to
                  | 0.30-a0-879-ga8ba668304
  1050 | D:2      | You fall into a shaft and drop 2 floors!
  1066 | D:3      | Reached XP level 4. HP: 19/44 MP: 3/3
  1071 | D:3      | Slain by a gnoll

Illustrated notes

Levels and vault maps discovered:
D:1:      wander_arrival_chamber, layout_rooms, dk_noncrumbling_2
D:2:      layout_loops_cross, basic_altar
D:3:      layout_basic, led_xom_imps, gammafunk_ghost_icy,
          minmay_parallelograms, minmay_misc_feat_chi, nrook_uturn
D:4:      layout_basic, marbit_many_paths

Skill      XL: |  1  2  3 |
---------------+----------+-----
Shields        | 3 |  3.5
Dodging        | 3 |  3.0
Fighting       | |  2.6
Short Blades   | |  0.5
Throwing       | |  0.3
Stealth        | |  0.2
Unarmed Combat | |  2.0

Action                     |  1- 3 |  4- 6 || total
---------------------------+-------+-------++-------
  Melee: Dagger            |   117 |     4 ||   121
         Unarmed           |     4 |       ||     4
  Throw: Javelin           |    11 |       ||    11
    Use: Scroll            |     3 |       ||     3
         Potion            |       |     2 ||     2
   Stab: Sleeping          |     3 |       ||     3
 Armour: Robe              |    52 |     2 ||    54
  Dodge: Dodged            |    50 |    10 ||    60
  Block: Kite shield       |    64 |     4 ||    68

Table legend: (Time is in decaauts)
 A = Elapsed time spent in this place.
 B = Non-inter-level travel time spent in this place.
 C = Inter-level travel time spent in this place.
 D = Time resting spent in this place.
 E = Time spent auto-exploring this place.
 F = Levels seen in this place.
 G = Mean time per level.
                   A        B        C        D        E       F      G
               +--------+--------+--------+--------+--------+-----+--------+
         Total |   1093 |   1075 |     18 |      0 |    682 |   4 |  273.2 |
       Dungeon |   1093 |   1075 |     18 |      0 |    682 |   4 |  273.2 |
               +--------+--------+--------+--------+--------+-----+--------+

Top non-repeatable levels by time:
     D:2: 553 daAuts
     D:1: 517 daAuts
     D:3: 19 daAuts
     D:4: 2 daAuts
